Map: Port Aleksander LE

Players

Madcoat

  • Race: Protoss Protoss
  • League: Gold
  • Spawn Location: 11:00

CreepnDeath - Winner!

  • Race: Zerg Zerg
  • League: Platinum
  • Spawn Location: 5:00

VOD

Have the link to the VOD?

Description

Time

  • Played on: Feb. 21, 2019, 7:42 p.m.
  • Length: 12:22
Show
View Real Time Build Order
Export as new Build Order

Madcoat Protoss 

Build Orders: Zealot Archon 

Get SALT Encoding   

  12  0:00  Probe  
  13  0:13  Probe  
  14  0:30  Pylon  
  14  0:31  Probe  
  15  0:44  Probe  
  16  0:52  Probe  
  17  0:58  Gateway  
  17  1:00  Gateway  
  17  1:02  Probe  
  17  1:08  Assimilator  
  17  1:11  Assimilator  
  18  1:14  Probe  
  19  1:22  Probe  
  19  1:26  Pylon  
  19  1:31  Probe  
  21  1:43  Probe  
  22  1:47  Cybernetics Core  
  22  1:55  Probe  
  23  2:10  Cybernetics Core  
  23  2:30  Warp Gate  
  23  2:32  Adept x2  
  23  2:33  Probe  
  28  2:47  Nexus  
  28  2:50  Assimilator  
  28  3:02  Probe, Pylon  
  31  3:14  Probe  
  30  3:37  Probe  
  31  3:44  Robotics Facility  
  31  3:48  Forge  
  31  3:49  Probe  
  31  3:52  Twilight Council  
  32  4:01  Probe  
  32  4:13  Probe  
  33  4:18  Zealot  
  33  4:19  Stalker  
  33  4:21  Protoss Ground Weapons Level 1  
  37  4:38  Probe x2  
  39  4:41  Warp Prism  
  39  4:44  Zealot  
  43  4:47  Probe x2  
  45  4:55  Probe x2  
  47  5:04  Probe x2  
  49  5:16  Probe  
  49  5:17  Probe  
  49  5:28  Assimilator  
  49  5:32  Probe x2  
  49  5:33  Dark Shrine  
  49  5:37  Pylon  
  49  5:40  Probe x2  
  49  5:49  Probe, Pylon  
  52  6:04  Probe x2  
  53  6:08  Blink  
  54  6:14  Shield Battery  
  54  6:16  Photon Cannon, Probe x2  
  56  6:19  Shield Battery  
  56  6:25  Sentry  
  56  6:26  Sentry  
  56  6:28  Probe x2  
  60  6:34  Gateway  
  60  6:36  Gateway  
  60  6:39  Gateway  
  60  6:41  Gateway  
  60  6:43  Gateway  
  60  6:52  Protoss Ground Weapons Level 2  
  51  7:08  Dark Templar x2  
  47  7:15  Archon  
  47  7:30  Stalker x2  
  43  8:09  Stalker x4  
  43  8:10  Stalker x3  
  53  8:17  Probe x2  
  53  8:25  Probe  
  53  8:26  Probe  
  57  8:35  Probe x2  
  57  8:36  Templar Archives  
  57  8:38  Observer  
  60  8:47  Probe  
  56  9:03  Nexus  
  56  9:05  Assimilator x2  
  56  9:08  Pylon  
  56  9:09  Pylon  
  55  9:10  Photon Cannon  
  55  9:15  High Templar x2  
  55  9:16  Photon Cannon, High Templar x2  
  50  9:19  Archon  
  50  9:20  Archon  
  43  9:33  Zealot  
  43  9:34  Zealot  
  45  9:41  High Templar  
  43  9:55  Probe x2  
  45  10:03  Psionic Storm, Probe  
  45  10:04  Probe  
  45  10:13  Probe  
  47  10:25  High Templar  
  49  10:29  Archon  
  46  10:36  Zealot  
  46  10:37  Zealot x5  
  26  11:02  Zealot  
  28  11:10  Probe x2  
  30  11:31  High Templar x2  
  34  11:48  Probe  
  34  11:49  Probe  
  34  11:56  Probe  
  35  12:08  Archon  
  21  12:19  Stalker  
Show
View Real Time Build Order
Export as new Build Order

CreepnDeath Zerg - Winner!

Build Orders: Hatch First 

Get SALT Encoding   

  12  0:01  Drone  
  13  0:14  Overlord  
  13  0:22  Drone  
  14  0:34  Drone x2  
  16  0:38  Drone  
  17  0:58  Hatchery  
  16  1:12  Spawning Pool  
  16  1:13  Drone  
  16  1:22  Drone  
  16  1:25  Extractor  
  16  1:28  Drone  
  16  1:31  Drone  
  18  1:46  Drone x2  
  20  1:48  Extractor  
  19  1:57  Overlord  
  19  2:07  Queen  
  21  2:10  Queen  
  23  2:17  Drone  
  23  2:22  Drone x2  
  26  2:23  Drone  
  27  2:30  Drone  
  27  2:35  Drone  
  29  2:42  Metabolic Boost  
  29  2:50  Extractor  
  28  2:55  Drone  
  28  2:56  Drone  
  30  3:09  Lair  
  30  3:17  Drone x6  
  36  3:35  Hatchery  
  35  3:44  Extractor, Overlord  
  35  3:45  Drone x2  
  36  4:02  Drone x7  
  43  4:08  Queen, Extractor  
  44  4:14  Extractor  
  43  4:28  Spire  
  42  5:00  Overlord x2  
  42  5:01  Overlord x2  
  37  5:35  Drone x3  
  40  5:47  Mutalisk x10  
  40  5:48  Mutalisk  
  62  6:15  Spore Crawler  
  62  6:17  Overlord x3  
  62  6:18  Drone x3  
  62  6:19  Drone x4  
  68  7:20  Roach Warren  
  63  8:03  Mutalisk  
  63  8:04  Mutalisk x13  
  75  8:23  Zerg Flyer Armor Level 1  
  75  8:28  Evolution Chamber  
  75  8:31  Drone  
  75  8:32  Drone x2  
  77  8:35  Drone  
  77  8:36  Drone x2  
  80  8:50  Infestation Pit  
  77  9:37  Zergling x2  
  77  9:38  Zergling x38  
  97  9:44  Zerg Melee Weapons Level 1  
  97  9:46  Hive  
  97  9:56  Overlord x2, Drone  
  97  9:57  Overlord  
  64  11:03  Zergling x22  
  73  11:15  Extractor  
  70  11:50  Baneling Nest  
Tags
 
Composition
Zealot Archon
Matchup
PvZ
Replay Pack
20190221
Spawn Locations
Cross Positions
Add a new tag
Caveats
  • Supply blocks, unpowered buildings, or Contaminate may cause inaccurate times.
  • Supply counts are checked every 10 seconds.